 Dungeon Crawl Stone Soup version 0.29-a0-923-g6e406bff71 (webtiles) character file.

Game seed: 16642956491597892178

101 hquester1 the Shield-Bearer (level 4, -2/41 HPs)
             Began as a Minotaur Fighter on July 27, 2022.
             Slain by a gnoll sergeant
             ... wielding a +3 trident of protection
              (4 damage)
             ... on level 4 of the Dungeon.
             The game lasted 00:04:39 (1831 turns).

hquester1 the Shield-Bearer (Minotaur Fighter)      Turns: 1831, Time: 00:04:40

Health: -2/41      AC: 14    Str: 22    XL:     4   Next: 48%
Magic:  3/3        EV:  8    Int:  5    God:
Gold:   186        SH:  4    Dex: 10    Spells: 3/3 levels left

rFire   . . .      SeeInvis .   a - +0 war axe
rCold   . . .      Faith    .   c - +0 buckler
rNeg    . . .      Spirit   .   p - +0 shadow dragon scales
rPois   .          Reflect  .   (helmet restricted)
rElec   .          Harm     .   (no cloak)
rCorr   .          Rampage  .   h - +0 pair of gloves
Will    .....                   (no boots)
Stlth   ++........              (no amulet)
HPRegen 0.13/turn               (no ring)
MPRegen 0.08/turn               (no ring)

@: mighty
A: horns 2, retaliatory headbutt
a: no special abilities


You were on level 4 of the Dungeon.
You visited 1 branch of the dungeon, and saw 4 of its levels.

You collected 186 gold pieces.

Inventory:

Hand Weapons
 a - a +0 war axe (weapon)
 n - a +0 vorpal mace
Armour
 c - a +0 buckler (worn)
 h - a +0 pair of gloves (worn)
 p - +0 shadow dragon scales (worn)
Scrolls
 e - a scroll of silence {unknown}
 f - a scroll of poison {unknown}
 g - 3 scrolls of teleportation {unknown}
 j - a scroll of butterflies {unknown}
 k - a scroll of blinking {unknown}
 l - a scroll of immolation {unknown}
 o - 2 scrolls of identify {unknown}
 q - a scroll of torment {unknown}
 r - a scroll of acquirement {unknown}
Potions
 b - 2 potions of lignification {unknown}
 i - 3 potions of attraction {unknown}
 m - 2 potions of curing {unknown}


   Skills:
 + Level 4.3 Fighting
 + Level 3.3 Axes
 + Level 4.2 Armour
 + Level 1.4 Dodging
 + Level 0.5 Stealth
 + Level 4.3 Shields


You had 3 spell levels left.
You didn't know any spells.
Your spell library contained the following spells:

 Spells                   Type           Power      Damage    Failure   Level
 Sandblast                Erth           0%         2d4       99%         1
 Passwall                 Tmut/Erth      0%         N/A       100%        2
 Stone Arrow              Conj/Erth      0%         3d7       100%        3
 Corpse Rot               Necr/Pois/Air  0%         N/A       100%        4
 Dispel Undead            Necr           0%         3d6       100%        4
 Death Channel            Necr           0%         N/A       100%        6


Dungeon Overview and Level Annotations

Branches:
Dungeon (4/15)
 Temple: D:4-7

Altars:
Hepliaklqana


Innate Abilities, Weirdness & Mutations

You have a pair of horns on your head.
You reflexively headbutt those who attack you in melee.


Message History

The gnoll sergeant is moderately wounded.
You hit the gnoll.
The gnoll hits you from afar with a +0 spear.
The gnoll sergeant hits you with a +3 trident of protection.
The gnoll hits you but does no damage.
Unknown command.
The gnoll sergeant blocks your attack.
The gnoll sergeant is moderately wounded.
You slash the gnoll!
You kill the gnoll!
The gnoll hits you from afar with a +0 spear.
The gnoll sergeant hits you but does no damage.
The gnoll hits you from afar with a +0 spear.
The gnoll sergeant hits you with a +3 trident of protection.
You barely miss the gnoll sergeant.
Your headbutt misses the gnoll sergeant.
The gnoll sergeant is moderately wounded.
You block the gnoll's attack.
The gnoll sergeant hits you but does no damage.
Unknown command.
You closely miss the gnoll sergeant.
The gnoll sergeant is lightly wounded.
The gnoll hits you but does no damage.
The gnoll sergeant hits you with a +3 trident of protection!
* * * LOW HITPOINT WARNING * * *
Unknown command.
You feel very mighty all of a sudden. The gnoll closely misses you.
The gnoll sergeant hits you with a +3 trident of protection!
* * * LOW HITPOINT WARNING * * *
The gnoll sergeant blocks your attack. x2
The gnoll sergeant is lightly wounded.
The gnoll hits you but does no damage. You block the gnoll sergeant's attack.
The gnoll closely misses you. You block the gnoll sergeant's attack.
Unknown command.
You hit the gnoll sergeant.
The gnoll sergeant is moderately wounded.
The gnoll hits you but does no damage.
The gnoll sergeant hits you with a +3 trident of protection.
You die...

#......#..#
#..######## .#
#..##########.#
#.............#
#.###.).........#
#............$..#
#####...........#
#....).......
#....@.....##
#...g).g...#
#............
#..........##
#..........#
#..........#
############


You could see a gnoll sergeant and a gnoll.

Vanquished Creatures
  2 gnolls (D:4)
  4 adders
  2 orcs (D:3)
  5 ball pythons
  5 bats
  4 endoplasms
  A giant cockroach (D:1)
  3 goblins (D:1)
  2 hobgoblins (D:1)
  3 jackals (D:1)
  A quokka (D:1)
  2 frilled lizards
  5 kobolds
  5 rats
44 creatures vanquished.

Notes
Turn   | Place    | Note
-------+----------+-------------------------------------------
     0 | D:1      | hquester1 the Minotaur Fighter began the quest for the Orb.
     0 | D:1      | Reached XP level 1. HP: 19/19 MP: 0/0
    97 | D:1      | Reached XP level 2. HP: 27/27 MP: 1/1
   148 | D:1      | Found a faded altar of an unknown god.
   607 | D:2      | Reached XP level 3. HP: 33/33 MP: 2/2
   939 | D:2      | Reached skill level 1 in Dodging
  1446 | D:3      | Reached XP level 4. HP: 40/40 MP: 3/3
  1706 | D:3      | Found a hazy altar of Hepliaklqana.
  1797 | D:4      | Identified the +0 robe of Chimes {*Slow Int+4 Dex+2 Stlth+}
  1819 | D:4      | Noticed a gnoll sergeant
  1829 | D:4      | HP: 2/41 [gnoll sergeant/+3 trident of protection (7)]
  1831 | D:4      | Slain by a gnoll sergeant

Illustrated notes

Levels and vault maps discovered:
D:1:      moated_graveyard_arrival, layout_basic,
          ebering_ecumenical_altar_sacrificial, kennysheep_boxes
D:2:      layout_basic, minmay_pentomino_r2
D:3:      layout_basic, mainiacjoe_overflow_surrounded_room, hex_intersection,
          grunt_ministairs_2
D:4:      layout_basic, tgw_fedhas, serial_shops, nicolae_shop_stone,
          minivault_11

Skill      XL: |  1  2  3 |
---------------+----------+-----
Fighting       | 4 |  4.3
Axes           | 3 |  3.3
Armour         | 4 |  4.2
Shields        | 4 |  4.3
Dodging        | 1 |  1.4
Stealth        | |  0.5

Action                   |  1- 3 |  4- 6 || total
-------------------------+-------+-------++-------
Melee: War axe           |    75 |    18 ||    93
       Headbutt          |     8 |       ||     8
  Use: Potion            |       |     1 ||     1
 Stab: Sleeping          |     1 |     1 ||     2
Armor: Scale mail        |    37 |       ||    37
       Shadow dragon sca |    11 |    14 ||    25
Dodge: Dodged            |    18 |    10 ||    28
Block: Buckler           |    23 |     5 ||    28

Table legend: (Time is in decaauts)
 A = Elapsed time spent in this place.
 B = Non-inter-level travel time spent in this place.
 C = Inter-level travel time spent in this place.
 D = Time resting spent in this place.
 E = Time spent auto-exploring this place.
 F = Levels seen in this place.
 G = Mean time per level.
                   A        B        C        D        E       F      G
               +--------+--------+--------+--------+--------+-----+--------+
         Total |   1865 |   1812 |     53 |      0 |   1344 |   4 |  466.2 |
       Dungeon |   1865 |   1812 |     53 |      0 |   1344 |   4 |  466.2 |
               +--------+--------+--------+--------+--------+-----+--------+

Top non-repeatable levels by time:
     D:2: 630 daAuts
     D:1: 611 daAuts
     D:3: 549 daAuts
     D:4: 73 daAuts
